Map: Fields of Shazir

Players

raijinkroniQ

  • Race: Protoss Protoss
  • League: Platinum
  • Spawn Location: 9:00

Hobosexual

  • Race: Protoss Protoss
  • Spawn Location: 9:00

Pocaris

  • Race: Zerg Zerg
  • Spawn Location: 7:00

BlackNova - Winner!

  • Race: Terran Terran
  • Spawn Location: 3:00

NYscott - Winner!

  • Race: Protoss Protoss
  • League: Silver
  • Spawn Location: 3:00

Metasapien - Winner!

  • Race: Zerg Zerg
  • League: Platinum
  • Spawn Location: 5:00

VOD

Have the link to the VOD?

Description

Time

  • Played on: Sept. 22, 2017, 7:54 p.m.
  • Length: 29:06
Show
View Real Time Build Order
Export as new Build Order

raijinkroniQ Protoss 

Build Orders:  

Get SALT Encoding   

  12  0:01  Probe (Chrono Boost)  
  13  0:12  Probe (Chrono Boost)  
  14  0:24  Pylon  
  14  0:26  Probe (Chrono Boost)  
  15  0:42  Probe (Chrono Boost)  
  16  0:52  Probe (Chrono Boost)  
  17  1:01  Forge  
  17  1:15  Gateway  
  17  1:30  Probe (Chrono Boost)  
  18  1:41  Probe (Chrono Boost), Photon Cannon  
  18  1:43  Photon Cannon  
  19  1:51  Probe (Chrono Boost)  
  20  1:55  Assimilator  
  20  2:02  Probe (Chrono Boost)  
  21  2:12  Probe (Chrono Boost)  
  22  2:21  Nexus  
  22  2:28  Probe (Chrono Boost)  
  22  2:29  Assimilator  
  23  2:38  Pylon  
  23  2:57  Probe (Chrono Boost)  
  24  2:58  Cybernetics Core  
  24  3:02  Assimilator  
  24  3:12  Pylon  
  24  3:15  Photon Cannon  
  24  3:24  Pylon  
  24  3:29  Probe (Chrono Boost)  
  25  3:38  Probe (Chrono Boost)  
  26  3:42  Stargate  
  27  3:48  Probe (Chrono Boost)  
  27  3:49  Stargate  
  27  3:53  Probe (Chrono Boost)  
  28  4:04  Mothership Core (Chrono Boost)  
  28  4:08  Probe (Chrono Boost)  
  31  4:13  Pylon  
  31  4:17  Assimilator  
  31  4:18  Probe (Chrono Boost)  
  31  4:22  Probe (Chrono Boost)  
  33  4:29  Probe (Chrono Boost)  
  34  4:36  Void Ray (Chrono Boost)  
  42  4:45  Void Ray (Chrono Boost)  
  42  4:50  Probe  
  43  5:02  Probe  
  44  5:20  Void Ray (Chrono Boost)  
  48  5:55  Void Ray x2 (Chrono Boost)  
  52  5:57  Protoss Air Weapons Level 1 (Chrono Boost)  
  52  6:03  Probe  
  57  6:15  Probe  
  58  6:46  Void Ray  
  58  6:52  Void Ray  
  66  7:05  Robotics Facility  
  66  7:06  Probe  
  66  7:08  Probe  
  68  7:18  Probe  
  68  7:20  Probe  
  70  7:35  Pylon x2  
  70  7:47  Void Ray  
  70  7:53  Void Ray, Probe x2  
  80  8:05  Probe x2  
  74  8:17  Probe x2  
  76  8:29  Probe  
  77  8:41  Void Ray  
  69  8:46  Void Ray  
  69  8:48  Warp Prism  
  79  8:52  Probe  
  79  8:53  Probe  
  77  8:57  Protoss Air Armor Level 1 (Chrono Boost)  
  77  9:04  Probe  
  77  9:05  Probe  
  79  9:14  Stargate  
  79  9:16  Probe  
  80  9:17  Probe  
  80  9:18  Stargate  
  80  9:22  Pylon  
  80  9:24  Pylon  
  81  9:26  Pylon  
  81  9:28  Probe  
  81  9:29  Probe  
  83  9:40  Probe  
  83  9:42  Probe  
  83  9:44  Nexus  
  83  9:45  Pylon  
  85  9:47  Pylon x2  
  85  9:54  Probe  
  86  10:27  Assimilator  
  86  10:30  Void Ray, Assimilator, Photon Cannon  
  86  10:32  Photon Cannon  
  86  10:34  Photon Cannon  
  86  10:36  Void Ray x3  
  86  10:39  Warp Prism  
  104  11:19  Probe  
  105  11:30  Probe  
  98  11:40  Probe  
  91  11:51  Probe  
  84  11:56  Void Ray  
  84  12:02  Void Ray x3, Probe  
  101  12:12  Probe  
  102  12:23  Probe  
  103  12:32  Fleet Beacon  
  103  12:37  Cybernetics Core  
  103  12:54  Void Ray  
  103  13:00  Void Ray x3  
  123  13:42  Void Ray  
  123  13:43  Void Ray, Protoss Shields Level 1  
  73  14:31  Void Ray  
  73  14:32  Void Ray  
  73  15:09  Stargate  
  73  15:11  Stargate  
  73  15:13  Stargate x2  
  73  15:14  Void Ray x2  
  73  15:18  Nexus  
  81  15:35  Void Ray  
  81  15:38  Pylon  
  79  15:42  Pylon  
  79  15:46  Pylon x2  
  79  15:49  Protoss Air Armor Level 2 (Chrono Boost)  
  79  16:00  Void Ray x4  
  79  16:04  Void Ray x2  
  99  16:08  Warp Prism  
  105  16:18  Void Ray  
  109  16:26  Assimilator  
  109  16:30  Assimilator  
  109  16:33  Pylon x2  
  109  16:34  Probe  
  109  16:35  Pylon  
  110  16:42  Void Ray  
  110  16:43  Void Ray x3  
  110  16:45  Probe  
  127  16:55  Probe  
  128  17:01  Void Ray  
  128  17:02  Void Ray x2  
  128  17:06  Probe  
  141  17:16  Probe  
  142  17:25  Void Ray x2  
  142  17:26  Void Ray x2  
  158  17:44  Void Ray x2  
  158  17:45  Void Ray  
  170  18:01  Cybernetics Core  
  170  18:05  Photon Cannon  
  170  18:07  Photon Cannon  
  170  18:08  Void Ray x4  
  186  18:14  Pylon x2  
  186  18:16  Pylon  
  186  18:31  Fleet Beacon  
  186  18:32  Void Ray x3  
  171  19:17  Robotics Facility  
  171  19:41  Void Ray x3  
  171  19:44  Void Ray x3  
  171  19:45  Void Ray  
  179  20:24  Void Ray x3  
  111  21:06  Void Ray  
  111  21:07  Void Ray  
  95  21:33  Observer  
  95  21:34  Void Ray x2  
  95  21:35  Void Ray x2  
  107  21:54  Observer  
  78  22:17  Void Ray x2  
  38  22:46  Probe  
  35  22:56  Probe  
  36  23:07  Probe  
  37  23:17  Probe  
  38  23:28  Probe  
  11  24:37  Probe  
  12  24:48  Probe  
  13  24:58  Probe  
  13  25:09  Probe  
  12  25:19  Probe  
  11  25:30  Probe  
  11  25:40  Mothership Core  
Show
View Real Time Build Order
Export as new Build Order

Hobosexual Protoss 

Build Orders:  

Get SALT Encoding   

  12  0:03  Probe (Chrono Boost)  
  14  0:14  Probe (Chrono Boost)  
  14  0:22  Pylon  
  14  0:25  Probe (Chrono Boost)  
  15  0:40  Probe (Chrono Boost)  
  16  0:51  Probe (Chrono Boost)  
  17  1:01  Probe (Chrono Boost)  
  18  1:11  Nexus  
  18  1:15  Gateway  
  18  1:19  Assimilator  
  18  1:24  Assimilator  
  18  1:26  Probe (Chrono Boost)  
  19  1:35  Pylon  
  19  1:38  Probe (Chrono Boost)  
  20  1:48  Probe (Chrono Boost)  
  21  1:59  Probe (Chrono Boost), Pylon  
  22  2:05  Cybernetics Core  
  22  2:15  Probe (Chrono Boost)  
  23  2:25  Gateway  
  23  2:26  Probe x2 (Chrono Boost)  
  25  2:48  Probe (Chrono Boost), Mothership Core (Chrono Boost)  
  28  2:53  Warp Gate (Chrono Boost)  
  29  2:58  Probe (Chrono Boost)  
  29  3:06  Probe (Chrono Boost)  
  29  3:09  Probe (Chrono Boost)  
  30  3:18  Probe (Chrono Boost)  
  30  3:19  Probe (Chrono Boost)  
  32  3:28  Probe, Gateway  
  32  3:31  Probe  
  34  3:36  Stargate x2  
  34  3:39  Probe, Assimilator  
  35  3:43  Probe, Pylon  
  36  3:49  Probe  
  36  3:55  Probe  
  38  4:00  Probe  
  39  4:07  Probe, Gateway  
  39  4:09  Pylon  
  40  4:10  Probe  
  41  4:19  Probe  
  41  4:22  Probe, Oracle x2 (Chrono Boost)  
  49  4:31  Probe, Forge  
  49  4:34  Probe  
  51  4:40  Assimilator  
  51  4:43  Probe  
  52  4:46  Probe  
  53  4:56  Probe, Pylon  
  53  4:58  Probe  
  55  5:02  Zealot x3  
  36  5:24  Stalker  
  36  5:25  Zealot x2  
  36  5:28  Oracle (Chrono Boost)  
  41  5:32  Oracle (Chrono Boost)  
  34  5:49  Stalker x2  
  38  5:51  Zealot x2  
  45  6:06  Probe  
  45  6:07  Oracle (Chrono Boost)  
  46  6:27  Nexus  
  46  7:22  Pylon  
  46  7:23  Pylon  
  46  7:26  Pylon  
  46  7:29  Pylon  
  46  7:31  Pylon  
  46  7:39  Mothership Core  
  41  8:00  Probe  
  41  8:05  Phoenix (Chrono Boost)  
  46  8:08  Phoenix (Chrono Boost)  
  46  8:11  Probe  
  46  8:12  Probe  
  48  8:21  Probe  
  48  8:24  Probe  
  48  8:25  Zealot x2  
  54  8:32  Probe  
  54  8:33  Phoenix (Chrono Boost)  
  57  8:36  Probe  
  58  8:42  Probe  
  59  8:48  Probe  
  59  8:53  Probe  
  61  9:00  Probe  
  62  9:03  Probe  
  62  9:07  Assimilator  
  51  9:28  Probe  
  52  9:34  Pylon  
  52  9:37  Void Ray (Chrono Boost)  
  60  9:40  Zealot x2  
  60  9:42  Void Ray (Chrono Boost)  
  64  9:54  Pylon  
  64  10:01  Pylon  
  68  10:14  Void Ray (Chrono Boost)  
  68  10:19  Stalker  
  70  10:22  Sentry x3  
  76  10:33  Forge  
  59  11:34  Zealot x4  
  59  11:39  Probe  
  67  11:40  Probe  
  69  12:04  Pylon  
  69  12:05  Assimilator  
  69  12:10  Assimilator  
  69  12:12  Pylon  
  69  12:15  Nexus  
  69  12:16  Pylon  
  69  12:19  Pylon, Photon Cannon  
  69  12:20  Photon Cannon  
  69  12:21  Photon Cannon  
  69  12:24  Photon Cannon  
  69  12:28  Stalker  
  69  12:29  Stalker x2  
  75  12:48  Protoss Ground Weapons Level 1, Protoss Ground Armor Level 1  
  72  13:10  Stalker x2  
  72  13:11  Stalker x2  
  77  13:30  Probe x2  
  77  13:31  Probe  
  80  13:40  Probe x2  
  80  13:43  Probe  
  81  13:51  Probe x2  
  81  13:55  Probe  
  74  14:09  Zealot x3  
  64  14:10  Zealot  
  64  14:12  Mothership Core  
  68  14:21  Probe  
  68  14:22  Probe  
  70  14:31  Probe  
  70  14:32  Probe  
  70  14:34  Probe  
  73  14:42  Probe  
  73  14:45  Stalker x2  
  76  14:46  Stalker x2  
  76  14:47  Probe  
Show
View Real Time Build Order
Export as new Build Order

Pocaris Zerg 

Build Orders: Pool First 

Get SALT Encoding   

  12  0:21  Spawning Pool  
  11  0:29  Drone  
  11  0:30  Drone, Extractor  
  12  0:50  Overlord  
  12  0:52  Drone x2  
  14  1:09  Drone  
  15  1:12  Queen  
  17  1:22  Drone  
  18  1:28  Overlord  
  18  1:40  Zergling x2  
  19  1:55  Zergling x2  
  20  2:09  Zergling x4  
  22  2:24  Zergling x2  
  22  2:27  Metabolic Boost  
  22  2:29  Zergling x6  
  24  2:37  Zergling x2  
  24  2:50  Queen  
  26  3:14  Extractor  
  26  3:19  Roach Warren  
  24  3:48  Hatchery  
  23  3:54  Drone x2  
  23  3:55  Drone x5  
  30  4:04  Overlord x2  
  25  4:37  Overlord  
  25  4:38  Overlord, Roach  
  25  4:39  Roach x2  
  31  4:51  Baneling Nest  
  30  4:53  Drone x2  
  32  5:06  Drone  
  33  5:10  Zergling x4  
  35  5:20  Zergling x4  
  36  5:31  Zergling x2  
  36  5:32  Zergling x4  
  38  5:56  Drone  
  38  5:57  Drone  
  36  6:13  Roach  
  38  6:26  Zergling x4  
  38  6:27  Roach x2  
  38  6:29  Drone x2  
  46  6:55  Hatchery  
  45  7:06  Hatchery  
  44  7:24  Lair  
  44  7:31  Evolution Chamber  
  44  7:35  Roach x3  
  44  7:36  Zergling x2, Roach x2  
  54  7:37  Overlord x2  
  54  8:00  Spore Crawler  
  54  8:02  Spore Crawler  
  52  8:07  Queen  
  52  8:09  Drone  
  55  8:16  Spore Crawler, Roach  
  56  8:30  Roach x2  
  56  8:31  Roach  
  56  8:33  Baneling x2  
  62  8:40  Spore Crawler  
  61  8:44  Drone  
  62  8:54  Burrow  
  62  9:02  Drone x2  
  54  9:32  Zergling x2, Roach x3  
  54  9:33  Zergling x4  
  57  9:51  Extractor  
  56  9:56  Zerg Missile Weapons Level 1  
  56  9:59  Glial Reconstitution  
  56  10:03  Drone x2  
  56  10:05  Pneumatized Carapace  
  58  10:10  Zergling x4  
  60  10:27  Hydralisk Den, Drone  
  60  10:28  Drone  
  61  10:37  Baneling x4  
  61  10:38  Baneling  
  54  11:04  Roach x5  
  52  11:17  Drone, Tunneling Claws  
  52  11:18  Drone  
  54  11:21  Drone  
  54  11:22  Drone  
  48  11:32  Roach x2  
  48  11:37  Hydralisk  
  50  11:42  Drone  
  51  11:56  Roach x3  
  51  11:57  Drone x2  
  59  12:21  Drone x3  
  62  12:26  Drone  
  62  12:27  Overlord x2, Drone x3, Extractor  
  65  12:44  Roach x4  
  73  12:59  Hatchery  
  64  13:14  Roach x5  
  64  13:16  Hydralisk  
  76  13:24  Hydralisk  
  78  13:40  Overlord x2  
  72  14:00  Hydralisk x3  
  72  14:01  Hydralisk x2  
  58  14:04  Roach  
  60  14:18  Drone  
  61  14:26  Drone x3  
  61  14:27  Drone x4  
  70  14:45  Roach  
  70  14:46  Roach x3  
  76  14:54  Muscular Augments  
  58  15:10  Roach  
  58  15:11  Roach x5  
  62  15:29  Roach x5  
  62  15:30  Roach x2  
  7  24:06  Hatchery  
  6  24:13  Drone x2  
  7  24:46  Hatchery  
  6  25:00  Hatchery  
  6  25:01  Hatchery  
  4  25:22  Drone  
  5  25:35  Hatchery  
Show
View Real Time Build Order
Export as new Build Order

BlackNova Terran - Winner!

Build Orders: MMM Bio 

Get SALT Encoding   

  12  0:02  SCV  
  13  0:14  SCV  
  14  0:27  SCV  
  15  0:28  Supply Depot  
  15  0:36  Refinery  
  15  0:54  Barracks  
  15  0:57  SCV  
  16  1:09  SCV  
  17  1:17  Barracks  
  17  1:21  SCV  
  18  1:44  SCV  
  19  1:56  Barracks  
  19  1:59  Marine  
  20  2:10  Orbital Command  
  20  2:11  Barracks Tech Lab  
  20  2:12  Supply Depot  
  20  2:17  Marine  
  21  2:35  Marine  
  21  2:36  Stimpack  
  22  2:38  Marauder  
  24  2:53  Marine  
  24  2:55  Marine  
  26  2:58  Marine  
  26  3:00  Supply Depot  
  27  3:10  Marine  
  27  3:13  Marine  
  27  3:16  Marine  
  28  3:28  Marine  
  28  3:31  Factory  
  29  3:35  Marauder  
  29  3:38  Marine  
  32  3:46  Marine  
  33  3:55  Marine  
  33  3:58  Marine  
  35  4:04  Marine  
  35  4:05  Refinery  
  36  4:14  Marauder  
  36  4:15  Marine  
  39  4:20  Factory Tech Lab  
  39  4:23  Engineering Bay  
  39  4:31  Supply Depot  
  39  4:50  Supply Depot  
  39  4:52  Marine x3  
  42  4:53  Missile Turret  
  42  5:03  Missile Turret  
  41  5:10  Marine x3  
  39  5:36  Command Center  
  32  5:52  Marine x2  
  32  5:53  Marine  
  28  6:09  Siege Tank  
  28  6:10  Marine x3  
  34  6:24  Starport  
  34  6:28  Marine x2  
  34  6:58  Orbital Command  
  31  7:27  Missile Turret  
  31  7:30  Missile Turret  
  31  7:32  Marine x2  
  31  7:33  Missile Turret  
  33  7:38  SCV  
  34  7:51  SCV  
  35  7:59  Medivac  
  35  8:03  SCV  
  38  8:15  SCV, Marine  
  38  8:16  Marine x2  
  42  8:33  Marine  
  42  8:34  Marine x2  
  45  8:51  Marine  
  45  8:52  Marine x2  
  48  9:09  Marine x3  
  49  9:27  Marine x3  
  52  9:44  Marine  
  52  9:45  Marine x2  
  53  9:47  Starport Reactor  
  55  9:54  Armory  
  55  9:58  Combat Shields  
  55  10:02  Refinery, Marine  
  55  10:03  Marine x2  
  55  10:04  Refinery, SCV  
  59  10:16  SCV  
  59  10:20  Marine  
  59  10:21  Marine x2  
  62  10:24  Medivac x2  
  67  10:38  Marine x2  
  67  10:39  Marine  
  69  10:56  Marine  
  70  10:59  Marine x2  
  70  11:00  Medivac  
  70  11:01  Medivac  
  61  11:14  Marine  
  61  11:17  Marine x2  
  63  11:31  Marine  
  61  11:35  Marine x2  
  61  11:39  Viking  
  65  11:40  Viking  
  65  11:49  Marine  
  65  11:53  Marine x2  
  68  11:55  SCV  
  69  12:04  Supply Depot  
  69  12:05  Supply Depot  
  69  12:07  Marine  
  70  12:25  SCV, Viking x2, Marine x2  
  77  12:38  SCV  
  77  12:41  Marine  
  77  12:43  Marine x2  
  81  12:55  Viking  
  83  12:59  Marine  
  83  13:01  Marine x2  
  86  14:19  Marine  
  86  14:20  Marine x2  
  86  14:22  Medivac  
  85  14:24  Medivac  
  82  14:37  Marine  
  82  14:38  Marine x2  
  70  14:52  Medivac  
  72  14:54  Medivac  
  72  14:55  Marine  
  72  14:56  Marine x2  
  72  14:58  Terran Infantry Weapons Level 1, Barracks  
  72  14:59  Barracks  
  72  15:02  Engineering Bay, Barracks  
  69  15:13  Marine x2  
  71  15:14  Marine  
  72  15:22  Medivac  
  74  15:30  Terran Infantry Armor Level 1  
  74  15:31  Ghost Academy, Marine x2  
  74  15:32  Marine  
  77  15:47  SCV  
  77  15:48  Marine  
  77  15:49  Marine  
  80  15:50  Marine  
  81  15:59  SCV  
  82  16:06  Marine  
  82  16:07  Marine x2  
  82  16:10  Command Center  
  82  16:11  SCV  
  86  16:22  Barracks Reactor x2  
  86  16:23  Barracks Reactor  
  86  16:27  Personal Cloaking  
  86  16:29  Supply Depot  
  86  16:32  Supply Depot  
  86  16:35  Supply Depot  
  86  16:45  SCV  
  86  16:53  Ghost  
  89  16:57  SCV  
  88  17:07  Barracks Tech Lab  
  88  17:12  Barracks Tech Lab  
  88  17:21  Ghost  
  90  17:29  Terran Infantry Armor Level 2, Terran Infantry Weapons Level 2  
  90  17:31  Marine x2  
  90  17:32  Marine x3  
  90  17:33  Marine  
  90  17:34  Ghost  
  98  17:38  Ghost  
  100  17:50  Marine x2  
  102  17:53  Nuke  
  102  18:01  Ghost Academy  
  102  18:17  Marine x6  
  102  18:18  Marine x3  
  111  18:34  Marine  
  111  18:35  Marine x2  
  114  18:43  Nuke x2  
  114  18:47  Ghost Academy  
  114  19:07  Marine x3  
  114  19:08  Marine x6  
  123  19:25  Marine x2  
  125  19:43  Supply Depot  
  125  19:44  Supply Depot  
  125  20:04  Marine x8  
  125  20:05  Marine  
  134  20:22  Marine x7  
  141  20:35  Marine x2  
  141  20:36  Viking  
  141  20:40  Marine x4  
  123  20:46  Marine x3  
  104  20:53  Marine x2  
  103  20:58  Marine x2  
  102  21:10  Marine  
  102  21:11  Marine  
  89  21:22  Ghost  
  80  21:59  Ghost  
  73  22:08  Missile Turret  
  73  22:10  Missile Turret  
  73  22:12  Missile Turret  
  69  22:29  Missile Turret  
  52  22:59  Supply Depot  
  52  23:00  Supply Depot  
  52  23:10  Terran Infantry Armor Level 3, Terran Infantry Weapons Level 3  
  52  23:21  Ghost  
  54  23:30  Orbital Command  
  40  24:01  Nuke  
  40  24:03  Supply Depot  
  40  24:04  SCV  
  40  24:06  Refinery  
  40  24:09  Refinery, Supply Depot  
  41  24:16  SCV  
  42  24:29  SCV  
  42  24:41  SCV  
  42  24:44  Command Center  
  43  24:53  SCV  
  44  25:03  Barracks  
  44  25:04  Barracks  
  44  25:09  Barracks  
  44  26:05  Barracks Reactor  
  44  26:06  Barracks Reactor  
  44  26:07  Barracks Reactor  
  44  26:09  SCV  
  45  26:12  Nuke x2  
  45  26:17  Supply Depot  
  45  26:18  Orbital Command  
  45  26:20  Missile Turret  
  45  26:22  SCV  
  46  26:34  SCV  
  47  26:44  Marine x3  
  47  26:45  Marine x3  
  47  26:46  SCV  
  54  26:58  SCV  
  55  27:02  Marine x4  
  55  27:03  Marine x2  
  61  27:16  SCV  
  61  27:20  Marine  
  63  27:29  SCV  
  64  27:41  SCV  
  65  27:53  SCV  
  65  27:55  Marine x3  
  65  27:56  Marine x3  
  72  28:05  SCV  
  73  28:13  Marine x5  
  73  28:14  Marine  
  73  28:16  Refinery  
  73  28:19  Refinery, Missile Turret  
  79  28:31  Marine x6  
  89  28:54  Command Center  
Show
View Real Time Build Order
Export as new Build Order

NYscott Protoss - Winner!

Build Orders:  

Get SALT Encoding   

  12  0:01  Probe (Chrono Boost)  
  13  0:16  Pylon  
  13  0:23  Probe (Chrono Boost)  
  14  0:35  Forge  
  14  0:56  Pylon  
  14  1:19  Photon Cannon  
  14  1:49  Nexus, Gateway  
  14  1:54  Assimilator  
  14  2:08  Photon Cannon  
  14  2:15  Assimilator  
  14  2:21  Probe (Chrono Boost)  
  15  2:31  Probe (Chrono Boost)  
  16  2:42  Probe (Chrono Boost)  
  17  2:45  Cybernetics Core  
  17  2:53  Probe (Chrono Boost)  
  18  3:02  Pylon  
  18  3:05  Probe (Chrono Boost)  
  19  3:08  Probe (Chrono Boost)  
  20  3:17  Probe (Chrono Boost)  
  20  3:18  Probe (Chrono Boost)  
  22  3:30  Stargate  
  22  3:32  Probe (Chrono Boost)  
  24  3:41  Probe (Chrono Boost)  
  24  3:47  Probe (Chrono Boost)  
  25  4:00  Stargate  
  25  4:07  Probe x2 (Chrono Boost)  
  27  4:18  Fleet Beacon  
  27  4:21  Probe x2 (Chrono Boost)  
  29  4:32  Probe (Chrono Boost)  
  30  4:43  Oracle (Chrono Boost)  
  32  4:53  Photon Cannon  
  32  4:58  Photon Cannon  
  32  5:28  Probe  
  32  5:29  Probe  
  34  5:39  Void Ray x2 (Chrono Boost), Probe  
  34  5:41  Probe  
  44  5:48  Pylon  
  44  5:51  Probe  
  44  5:54  Assimilator  
  45  5:59  Assimilator  
  45  6:00  Pylon  
  45  6:06  Mothership Core  
  45  6:09  Probe  
  48  6:21  Probe  
  48  6:22  Void Ray (Chrono Boost)  
  53  6:29  Probe  
  54  6:33  Void Ray (Chrono Boost), Probe  
  59  6:41  Probe  
  59  6:45  Probe  
  61  6:50  Photon Cannon  
  61  6:54  Probe  
  61  7:00  Pylon  
  62  7:03  Pylon  
  62  7:18  Probe  
  62  7:19  Void Ray (Chrono Boost)  
  62  7:21  Void Ray (Chrono Boost)  
  71  7:36  Probe  
  71  7:37  Probe  
  68  8:01  Void Ray (Chrono Boost)  
  37  9:09  Assimilator  
  37  10:17  Pylon  
  39  10:35  Mothership Core  
  39  10:51  Pylon  
  39  11:00  Pylon  
  39  11:04  Nexus  
  41  11:13  Phoenix (Chrono Boost)  
  41  11:38  Phoenix (Chrono Boost)  
  41  12:03  Phoenix (Chrono Boost)  
  41  12:13  Phoenix (Chrono Boost)  
  43  12:21  Probe  
  43  12:25  Photon Cannon  
  43  12:28  Phoenix (Chrono Boost)  
  46  13:17  Phoenix (Chrono Boost)  
  50  13:21  Phoenix (Chrono Boost)  
  50  13:22  Pylon  
  50  13:56  Phoenix (Chrono Boost)  
  50  13:59  Phoenix (Chrono Boost)  
  44  14:18  Phoenix (Chrono Boost)  
  48  14:24  Phoenix (Chrono Boost)  
  48  14:49  Phoenix (Chrono Boost)  
  48  15:07  Phoenix (Chrono Boost)  
  48  15:14  Phoenix (Chrono Boost)  
Show
View Real Time Build Order
Export as new Build Order

Metasapien Zerg - Winner!

Build Orders: Pool First 

Get SALT Encoding   

  12  0:01  Drone  
  13  0:25  Spawning Pool  
  13  0:28  Drone  
  13  0:32  Extractor  
  12  0:36  Drone  
  13  0:44  Overlord  
  13  0:48  Drone  
  14  1:14  Zergling x6  
  17  1:31  Drone  
  18  1:34  Metabolic Boost  
  18  1:38  Overlord  
  19  2:08  Drone  
  19  2:09  Drone  
  19  2:14  Hatchery  
  19  2:21  Zergling x4  
  18  2:55  Roach Warren  
  18  2:56  Zergling x6  
  18  3:23  Drone x2  
  18  3:25  Queen  
  22  3:29  Drone  
  22  3:30  Queen  
  25  3:35  Drone  
  25  3:39  Drone  
  27  3:48  Roach  
  29  3:50  Drone  
  29  3:55  Extractor  
  29  3:57  Overlord  
  29  4:00  Drone  
  30  4:25  Lair  
  30  4:28  Drone x2  
  30  4:29  Drone  
  30  4:30  Drone x3  
  36  4:42  Drone  
  37  4:48  Zergling x8  
  37  4:50  Roach  
  37  4:52  Overlord  
  43  5:46  Zergling x2  
  43  5:47  Zergling x2, Roach x2  
  43  5:48  Roach  
  43  6:16  Drone x2  
  43  6:17  Drone x3  
  45  6:22  Drone x3, Extractor  
  45  6:23  Drone  
  45  6:24  Overlord  
  45  6:25  Overlord  
  48  6:37  Drone  
  49  6:41  Glial Reconstitution  
  49  6:46  Evolution Chamber  
  48  6:50  Hydralisk Den  
  48  6:51  Spore Crawler  
  46  6:55  Spore Crawler  
  46  6:57  Spore Crawler, Queen  
  46  6:59  Spore Crawler  
  45  7:04  Roach x4  
  45  7:06  Roach  
  55  7:11  Zergling x4, Roach x2  
  61  7:16  Zerg Missile Weapons Level 1  
  61  7:25  Hydralisk  
  61  7:26  Hydralisk x2  
  61  7:27  Evolution Chamber  
  66  7:32  Pneumatized Carapace  
  66  7:41  Drone  
  66  7:42  Drone  
  68  7:46  Extractor  
  68  7:47  Overlord x3  
  67  8:06  Hatchery  
  66  8:16  Zerg Ground Armor Level 1  
  66  8:20  Drone  
  66  8:21  Drone x2  
  69  8:35  Hydralisk  
  69  8:36  Hydralisk x3  
  69  8:40  Muscular Augments  
  77  9:01  Drone  
  77  9:02  Drone x5  
  83  9:23  Roach  
  84  9:30  Hatchery  
  82  9:34  Spine Crawler  
  81  9:40  Zerg Missile Weapons Level 2, Hydralisk  
  81  9:41  Hydralisk x4  
  89  9:57  Roach  
  89  9:58  Overlord  
  89  9:59  Overlord x3  
  91  10:11  Overseer  
  91  10:26  Drone x3  
  94  10:38  Zerg Ground Armor Level 2  
  94  10:43  Hydralisk x3  
  94  10:44  Roach x3  
  106  10:56  Drone x2  
  68  11:08  Hydralisk x6  
  68  11:09  Hydralisk  
  68  11:10  Hydralisk x3  
  88  11:18  Queen  
  88  11:46  Hydralisk x5  
  88  11:47  Hydralisk  
  92  11:49  Queen  
  92  11:54  Queen  
  100  12:00  Drone x5  
  107  12:20  Hydralisk x6  
  119  12:24  Hydralisk  
  119  12:27  Overlord x2  
  121  12:48  Hydralisk x3  
  121  12:49  Hydralisk x5  
  137  12:53  Overlord x3  
  135  13:27  Hydralisk x7  
  135  13:28  Hydralisk x2  
  135  13:53  Hydralisk x6  
  133  13:58  Extractor  
  133  14:01  Extractor  
  109  14:17  Hydralisk Den  
  108  14:27  Drone x3  
  111  14:33  Drone  
  111  14:34  Drone x2  
  111  14:35  Hydralisk x3  
  106  15:05  Hydralisk x5  
  106  15:06  Hydralisk x7  
  106  15:07  Hydralisk  
  118  15:22  Hydralisk x2  
  118  15:23  Hydralisk x6  
  134  15:45  Infestation Pit  
  134  15:49  Hydralisk x6  
  137  15:50  Hydralisk  
  143  16:20  Drone  
  143  16:21  Hatchery  
  143  16:22  Hydralisk x5  
  143  16:23  Hydralisk x4  
  161  16:27  Overlord x6  
  161  16:28  Hatchery  
  160  16:36  Hive  
  160  16:43  Zergling x4  
  160  16:46  Zergling x6  
  165  17:24  Extractor  
  165  17:29  Extractor  
  163  17:43  Nydus Network  
  162  17:59  Extractor  
  161  18:16  Drone x3, Hydralisk x3  
  161  18:17  Hydralisk x4  
  161  18:18  Hydralisk x11  
  200  18:26  Nydus Canal  
  136  19:11  Infestor x2  
  136  19:12  Infestor x6  
  136  19:14  Infestor  
  136  19:16  Hydralisk  
  154  19:17  Burrow, Hydralisk x5  
  154  19:18  Hydralisk x5  
  154  19:20  Viper  
  179  19:35  Drone x2  
  179  19:36  Drone x2  
  179  19:37  Drone x2  
  185  19:39  Drone x3  
  185  19:44  Extractor  
  187  19:47  Zerg Ground Armor Level 3  
  187  19:52  Nydus Canal  
  187  20:01  Pathogen Glands  
  79  21:09  Hydralisk x9  
  91  21:22  Hydralisk x3  
  97  21:33  Hydralisk x3  
  87  22:04  Hydralisk x4  
  87  22:05  Hydralisk x5  
  86  22:39  Drone  
  86  22:44  Drone  
  86  22:55  Hatchery  
  85  23:00  Hatchery  
  85  23:04  Hydralisk x3  
  85  23:05  Hydralisk x6  
  88  23:43  Hydralisk x5  
  88  23:44  Hydralisk x8  
  108  24:08  Hydralisk x3  
  114  24:10  Zergling x4  
  114  24:11  Zergling x10  
  115  24:49  Zergling x18  
  115  24:50  Zergling x4  
  126  25:15  Drone x13  
  126  25:31  Extractor  
  125  25:38  Drone x3  
  125  25:41  Drone, Queen  
  125  25:42  Queen x2  
  134  25:43  Zergling x2  
  134  25:45  Zergling x2  
  134  26:07  Drone x2  
  136  26:47  Drone  
  136  26:48  Drone x2  
  136  26:49  Drone x3  
  136  26:50  Drone x2  
  136  26:52  Hydralisk  
  136  26:53  Hydralisk x12  
  170  27:59  Hatchery  
Tags
 
Add a new tag
Caveats
  • Supply blocks, unpowered buildings, or Contaminate may cause inaccurate times.
  • Supply counts are checked every 10 seconds.